SAAA
PAWNEE PARKSNREC @ SCRANTON SUPERNOVAS
09/15/2032
 
TOP OF THE 1ST
Pawnee ParksNRec batting - Pitching for Scranton Supernovas : RHP Apollo Cepeda
Pitching: RHP Apollo Cepeda
Batting: RHB Sherman N'Dir 0-0: Ball
1-0: Fly out, F7 (Line Drive, 7)
Batting: SHB Dave Gant 0-0: Ball
1-0: Foul Ball, location: 2F
1-1: Foul Ball, location: 2F
1-2: Strikes out looking
Batting: RHB Amon-Ra St. Brown 0-0: Ball
1-0: TRIPLE (Flyball, 78XD)
Batting: RHB Daryl Yandell 0-0: Called Strike
0-1: Swinging Strike
0-2: Strikes out swinging
Top of the 1st over - 0 runs, 1 hit, 0 errors, 1 left on base; Pawnee 0 - Scranton 0
BOTTOM OF THE 1ST
Scranton Supernovas batting - Pitching for Pawnee ParksNRec : RHP Wally Copeland
Pitching: RHP Wally Copeland
Batting: RHB Toyozo Yamasaki 0-0: Ball
1-0: Foul Ball, location: 2F
1-1: Fly out, F8 (Flyball, 89S)
Batting: RHB David Wooderson 0-0: Bunt for hit - play at first, batter safe!
Batting: LHB Chase Popoff 0-0: Ball
1-0: Ball
2-0: Fly out, F4 (Flyball, 4MD)
Batting: RHB Felipe Bruno 0-0: Swinging Strike
0-1: Ball
1-1: Ball
2-1: Foul Ball, location: 2F
2-2: Ball
3-2: Foul Ball, location: 2F
3-2: Fly out, F8 (Flyball, 8LD)
Bottom of the 1st over - 0 runs, 1 hit, 0 errors, 1 left on base; Pawnee 0 - Scranton 0
TOP OF THE 2ND
Pawnee ParksNRec batting - Pitching for Scranton Supernovas : RHP Apollo Cepeda
Batting: RHB Wilfred McLaughlin 0-0: Swinging Strike
0-1: Ball
1-1: Swinging Strike
1-2: Foul Ball, location: 2F
1-2: Hit by Pitch
Batting: RHB Roberto Aguirre 0-0: Swinging Strike
0-1: Ball
1-1: Fly out, F7 (Flyball, 7S)
Batting: RHB Mike Lipide 0-0: Called Strike
0-1: Ball
1-1: Ball
2-1: Ball
3-1: Called Strike
3-2: Strikes out swinging
Batting: RHB Daryl Moran 0-0: Swinging Strike
0-1: Swinging Strike
0-2: Foul Ball, location: 2F
0-2: Ball
1-2: Strikes out swinging
Top of the 2nd over - 0 runs, 0 hits, 0 errors, 1 left on base; Pawnee 0 - Scranton 0
BOTTOM OF THE 2ND
Scranton Supernovas batting - Pitching for Pawnee ParksNRec : RHP Wally Copeland
Batting: RHB José Rodríguez 0-0: Fly out, F8 (Flyball, 8LM)
Batting: LHB José Pacheco 0-0: Fly out, F8 (Line Drive, 8RM)
Batting: RHB Brad Jacobson 0-0: Ball
1-0: Ball
2-0: Ground out 4-3 (Groundball, 4D)
Bottom of the 2nd over - 0 runs, 0 hits, 0 errors, 0 left on base; Pawnee 0 - Scranton 0
TOP OF THE 3RD
Pawnee ParksNRec batting - Pitching for Scranton Supernovas : RHP Apollo Cepeda
Batting: RHB David Tineo 0-0: Called Strike
0-1: Called Strike
0-2: Ball
1-2: Strikes out swinging
Batting: RHB Sherman N'Dir 0-0: Ground out 3-1 (Groundball, 34S)
Batting: SHB Dave Gant 0-0: Called Strike
0-1: Ball
1-1: Foul Ball, location: 2F
1-2: Foul Ball, location: 2F
1-2: Fly out, F4 (Popup, 34S)
Top of the 3rd over - 0 runs, 0 hits, 0 errors, 0 left on base; Pawnee 0 - Scranton 0
BOTTOM OF THE 3RD
Scranton Supernovas batting - Pitching for Pawnee ParksNRec : RHP Wally Copeland
Batting: LHB Ángel Aguilar 0-0: Called Strike
0-1: Ball
1-1: Ball
2-1: Swinging Strike
2-2: Ball
3-2: Fly out, F7 (Flyball, 7D)
Batting: LHB José Cordero 0-0: Swinging Strike
0-1: Foul Ball, location: 2F
0-2: Strikes out swinging
Batting: RHB Toyozo Yamasaki 0-0: Ground out U3 (Groundball, 34S)
Bottom of the 3rd over - 0 runs, 0 hits, 0 errors, 0 left on base; Pawnee 0 - Scranton 0
TOP OF THE 4TH
Pawnee ParksNRec batting - Pitching for Scranton Supernovas : RHP Apollo Cepeda
Batting: RHB Amon-Ra St. Brown 0-0: Ball
1-0: Called Strike
1-1: SINGLE (Groundball, 56D)
Batting: RHB Daryl Yandell 0-0: Ball
1-0: Called Strike
1-1: Ball
2-1: DOUBLE (Groundball, 5L)
Amon-Ra St. Brown to third
Batting: RHB Wilfred McLaughlin 0-0: Ball
1-0: Ball
2-0: Called Strike
2-1: Called Strike
2-2: Foul Ball, location: 2F
2-2: Strikes out looking
Batting: RHB Roberto Aguirre 0-0: Called Strike
0-1: Ball
1-1: Ball
2-1: Foul Ball, location: 2F
2-2: Ground out 5-3 (Groundball, 56)
Amon-Ra St. Brown scores
Batting: RHB Mike Lipide 0-0: Ball
1-0: SINGLE (Groundball, 5L) (infield hit)
Daryl Yandell to third
Batting: RHB Daryl Moran 0-0: Called Strike
0-1: Ball
1-1: Ball
2-1: Ground out 5-3 (Groundball, 56S)
Top of the 4th over - 1 run, 3 hits, 0 errors, 2 left on base; Pawnee 1 - Scranton 0
BOTTOM OF THE 4TH
Scranton Supernovas batting - Pitching for Pawnee ParksNRec : RHP Wally Copeland
Batting: RHB David Wooderson 0-0: Called Strike
0-1: Foul Ball, location: 2F
0-2: Ball
1-2: Strikes out swinging
Batting: LHB Chase Popoff 0-0: Ball
1-0: Ball
2-0: Foul Ball, location: 2F
2-1: Foul Ball, location: 2F
2-2: Ball
3-2: SINGLE (Line Drive, 89S)
Batting: RHB Felipe Bruno 0-0: Foul Ball, location: 2F
0-1: Called Strike
0-2: 2-RUN HOME RUN (Flyball, 7D), Distance : 389 ft
Batting: RHB José Rodríguez 0-0: Ball
1-0: Ball
2-0: Foul Ball, location: 2F
2-1: SINGLE (Groundball, 56D)
Batting: LHB José Pacheco 0-0: Called Strike
0-1: Ball
1-1: Grounds into double play, 4-6-3 (Groundball, 4)
Bottom of the 4th over - 2 runs, 3 hits, 0 errors, 0 left on base; Pawnee 1 - Scranton 2
TOP OF THE 5TH
Pawnee ParksNRec batting - Pitching for Scranton Supernovas : RHP Apollo Cepeda
Batting: RHB David Tineo 0-0: Ball
1-0: Ball
2-0: Fly out, F7 (Line Drive, 8LS)
Batting: RHB Sherman N'Dir 0-0: Foul Ball, location: 2F
0-1: Fly out, F5 (Popup, 56S)
Batting: SHB Dave Gant 0-0: Called Strike
0-1: Ball
1-1: Ball
2-1: Foul Ball, location: 2F
2-2: Ball
3-2: Strikes out looking
Top of the 5th over - 0 runs, 0 hits, 0 errors, 0 left on base; Pawnee 1 - Scranton 2
BOTTOM OF THE 5TH
Scranton Supernovas batting - Pitching for Pawnee ParksNRec : RHP Wally Copeland
Batting: RHB Brad Jacobson 0-0: Called Strike
0-1: Ball
1-1: Foul Ball, location: 2F
1-2: Strikes out looking
Batting: LHB Ángel Aguilar 0-0: Ball
1-0: Called Strike
1-1: SINGLE (Flyball, 9LS)
Batting: LHB José Cordero Pickoff Throw to First - Out!
0-0: Ball
1-0: Called Strike
1-1: Ball
2-1: Swinging Strike
2-2: Strikes out looking
Bottom of the 5th over - 0 runs, 1 hit, 0 errors, 0 left on base; Pawnee 1 - Scranton 2
TOP OF THE 6TH
Pawnee ParksNRec batting - Pitching for Scranton Supernovas : RHP Apollo Cepeda
Batting: RHB Amon-Ra St. Brown 0-0: Foul Ball, location: 2F
0-1: Ball
1-1: Ball
2-1: TRIPLE (Flyball, 89XD)
Batting: RHB Daryl Yandell 0-0: Ball
1-0: Foul Ball, location: 2F
1-1: Foul Ball, location: 2F
1-2: Ball
2-2: Strikes out swinging
Batting: RHB Wilfred McLaughlin 0-0: Ball
1-0: Ball
2-0: Called Strike
2-1: SINGLE (Flyball, 89S)
Amon-Ra St. Brown scores
Batting: RHB Roberto Aguirre 0-0: Called Strike
0-1: Swinging Strike
0-2: Foul Ball, location: 2F
0-2: Ball
1-2: Foul Ball, location: 2F
1-2: Ball
2-2: Fly out, F9 (Flyball, 89M)
Batting: RHB Mike Lipide 0-0: Called Strike
0-1: Ball
1-1: SINGLE (Groundball, 2L) (infield hit)
Wilfred McLaughlin to second
Batting: RHB Daryl Moran 0-0: Foul Ball, location: 2F
0-1: Ball
1-1: Foul Ball, location: 2F
1-2: Foul Ball, location: 2F
1-2: Ball
2-2: Strikes out swinging
Top of the 6th over - 1 run, 3 hits, 0 errors, 2 left on base; Pawnee 2 - Scranton 2
BOTTOM OF THE 6TH
Scranton Supernovas batting - Pitching for Pawnee ParksNRec : RHP Wally Copeland
Batting: RHB Toyozo Yamasaki 0-0: Foul Ball, location: 2F
0-1: Swinging Strike
0-2: Ball
1-2: Fly out, F9 (Flyball, 9S)
Batting: RHB David Wooderson 0-0: Ball
1-0: Called Strike
1-1: Foul Ball, location: 2F
1-2: Ball
2-2: Strikes out swinging
Batting: LHB Chase Popoff 0-0: Called Strike
0-1: Fly out, F5 (Popup, 5SF)
Bottom of the 6th over - 0 runs, 0 hits, 0 errors, 0 left on base; Pawnee 2 - Scranton 2
TOP OF THE 7TH
Pawnee ParksNRec batting - Pitching for Scranton Supernovas : RHP Apollo Cepeda
Batting: RHB David Tineo 0-0: Called Strike
0-1: Ground out 6-3 (Groundball, 6)
Batting: RHB Sherman N'Dir 0-0: Ball
1-0: Foul Ball, location: 2F
1-1: Called Strike
1-2: Ball
2-2: Ball
3-2: Foul Ball, location: 2F
3-2: Strikes out swinging
Batting: SHB Dave Gant 0-0: Ball
1-0: Ball
2-0: Ball
3-0: Called Strike
3-1: Fly out, F9 (Flyball, 9S)
Top of the 7th over - 0 runs, 0 hits, 0 errors, 0 left on base; Pawnee 2 - Scranton 2
BOTTOM OF THE 7TH
Scranton Supernovas batting - Pitching for Pawnee ParksNRec : RHP Wally Copeland
Batting: RHB Felipe Bruno 0-0: Ball
1-0: Fly out, F6 (Popup, 6D)
Batting: RHB José Rodríguez 0-0: Fly out, F9 (Flyball, 9LM)
Batting: LHB José Pacheco 0-0: Ball
1-0: Ball
2-0: Called Strike
2-1: Foul Ball, location: 2F
2-2: Foul Ball, location: 2F
2-2: Fly out, F8 (Line Drive, 78M)
Bottom of the 7th over - 0 runs, 0 hits, 0 errors, 0 left on base; Pawnee 2 - Scranton 2
TOP OF THE 8TH
Pawnee ParksNRec batting - Pitching for Scranton Supernovas : RHP Apollo Cepeda
Pitching: LHP Mapuana Yara
Batting: RHB Amon-Ra St. Brown 0-0: Ball
1-0: Foul Ball, location: 2F
1-1: Ball
2-1: Swinging Strike
2-2: Foul Ball, location: 2F
2-2: Ball
3-2: Base on Balls
Batting: RHB Daryl Yandell 0-0: Ball
1-0: Ball
2-0: Called Strike
2-1: Ball
3-1: Called Strike
3-2: Strikes out swinging
Amon-Ra St. Brown steals 2nd base
Batter strikes out.
Batting: RHB Wilfred McLaughlin 0-0: Intentional Walk
Batting: RHB Roberto Aguirre 0-0: SINGLE (Line Drive, 8RM)
Amon-Ra St. Brown to third
Wilfred McLaughlin to second
Batting: RHB Mike Lipide 0-0: Ball
1-0: Called Strike
1-1: Swinging Strike
1-2: Strikes out swinging
Batting: RHB Daryl Moran 0-0: Called Strike
0-1: Called Strike
0-2: Foul Ball, location: 2F
0-2: Ball
1-2: Foul Ball, location: 2F
1-2: Ball
2-2: Strikes out swinging
Top of the 8th over - 0 runs, 1 hit, 0 errors, 3 left on base; Pawnee 2 - Scranton 2
BOTTOM OF THE 8TH
Scranton Supernovas batting - Pitching for Pawnee ParksNRec : RHP Wally Copeland
Batting: RHB Brad Jacobson 0-0: Called Strike
0-1: Ball
1-1: Ball
2-1: Swinging Strike
2-2: Strikes out looking
Batting: LHB Ángel Aguilar 0-0: Called Strike
0-1: Ball
1-1: Called Strike
1-2: Foul Ball, location: 2F
1-2: Foul Ball, location: 2F
1-2: Reached via error on a dropped throw, E1
Batting: LHB José Cordero 0-0: Swinging Strike
0-1: Grounds into double play, 6-4-3 (Groundball, 6)
Bottom of the 8th over - 0 runs, 0 hits, 1 error, 0 left on base; Pawnee 2 - Scranton 2
TOP OF THE 9TH
Pawnee ParksNRec batting - Pitching for Scranton Supernovas : LHP Mapuana Yara
Pitching: LHP Jeff Schneider
Batting: RHB David Tineo 0-0: Called Strike
0-1: Swinging Strike
0-2: Ball
1-2: Ball
2-2: Fly out, F4 (Popup, 4M)
Batting: RHB Sherman N'Dir 0-0: Foul Ball, location: 2F
0-1: Ball
1-1: Foul Ball, location: 2F
1-2: Ground out 5-3 (Groundball, 56S)
Batting: SHB Dave Gant 0-0: Ball
1-0: Ball
2-0: Ball
3-0: Swinging Strike
3-1: Called Strike
3-2: Strikes out swinging
Top of the 9th over - 0 runs, 0 hits, 0 errors, 0 left on base; Pawnee 2 - Scranton 2
BOTTOM OF THE 9TH
Scranton Supernovas batting - Pitching for Pawnee ParksNRec : RHP Wally Copeland
Pinch Hitting: SHB Carlos Sánchez 0-0: Swinging Strike
0-1: Ball
1-1: Foul Ball, location: 2F
1-2: Ball
2-2: Ball
3-2: DOUBLE (Flyball, 9D)
Pitching: RHP Gavin Blackburn
Pinch Hitting: LHB Todd Blankenburg 0-0: Called Strike
0-1: Ball
1-1: Swinging Strike
1-2: Foul Ball, location: 2F
1-2: Ball
2-2: Strikes out swinging
Batting: LHB Chase Popoff 0-0: Ball
1-0: Ball
2-0: Ball
3-0: Base on Balls
Batting: RHB Felipe Bruno 0-0: Ball
Passed Ball!
Carlos Sánchez to third
Chase Popoff to second
1-0: Intentional Walk
Batting: RHB José Rodríguez 0-0: Foul Ball, location: 2F
0-1: Ball
1-1: Ball
2-1: Ball
3-1: Base on Balls
Carlos Sánchez scores
Chase Popoff to third
Felipe Bruno to second
Wednesday, September 19th, 2018 - OOTP Baseball 18.8 Build 76